3078 views
Uploaded 2020-04-18 16:08:07
Game version 1.32.3
14:48 long 1on1 custom game on (4)TwistedMeadows
Game name "W3Champions-20-ntNroSjX15"
Saved by Dziango
3078 views
Uploaded 2020-04-18 16:08:07
Game version 1.32.3
14:48 long 1on1 custom game on (4)TwistedMeadows
Game name "W3Champions-20-ntNroSjX15"
14 units @ 2.2k
/ 0.3k
9 buildings @ 1.5k
/ 0.5k


| Rod of Necromancy | 4 | 600 |
| Orb of Corruption | 1 | 375 |
| total: | 5 | 975g |
| Acolyte | 4 | 300 | / | 0 |
| Ghoul | 3 | 360 | / | 0 |
| Crypt Fiend | 4 | 860 | / | 160 |
| Obsidian Statue | 2 | 400 | / | 70 |
| Abomination | 1 | 240 | / | 70 |
| total: | 14 | 2160g | / | 300w |
| Altar of Darkness | 1 | 180 | / | 50 |
| Ziggurat | 4 | 600 | / | 200 |
| Crypt | 1 | 200 | / | 50 |
| Tomb of Relics | 1 | 130 | / | 30 |
| Graveyard | 1 | 215 | / | 0 |
| Slaughterhouse | 1 | 140 | / | 135 |
| Halls of the Dead | 1 | 320 | / | 210 |
| Black Citadel | 1 | 325 | / | 230 |
| total: | 9 | 1465g | / | 465w |
| 0:01 | Acolyte |
| 0:06 | Altar of Darkness |
| 0:09 | Ziggurat |
| 0:11 | Acolyte |
| 0:33 | Crypt |
| 0:40 | Acolyte |
| 0:56 | Tomb of Relics |
| 1:35 | Graveyard |
| 1:36 | Ghoul |
| 1:46 | Ghoul |
| 2:04 | Rod of Necromancy |
| 2:05 | Death Coil |
| 2:49 | Halls of the Dead |
| 3:01 | Ziggurat |
| 3:09 | Rod of Necromancy |
| 3:18 | Crypt Fiend |
| 3:59 | Crypt Fiend |
| 4:53 | Ghoul |
| 5:17 | Black Citadel |
| 5:30 | Unholy Aura |
| 5:36 | Slaughterhouse |
| 5:38 | Ziggurat |
| 6:12 | Rod of Necromancy |
| 6:28 | Frost Nova |
| 6:30 | Burrow |
| 6:49 | Obsidian Statue |
| 6:49 | Obsidian Statue |
| 6:51 | Death Coil |
| 7:09 | Crypt Fiend |
| 7:33 | Ziggurat |
| 8:18 | Frost Armor |
| 8:27 | Crypt Fiend |
| 8:27 | Acolyte |
| 8:31 | Destroyer Form |
| 8:34 | Abomination |
| 9:00 | Ghoul Frenzy |
| 9:15 | Disease Cloud |
| 9:22 | Orb of Corruption |
| 9:22 | Rod of Necromancy |
| 12:34 | Frost Nova |
| 12:52 | Unholy Aura |
26 units @ 3.6k
/ 0.4k
18 buildings @ 2.1k
/ 0.9k


| Scroll of Town Portal | 1 | 350 |
| Potion of Lesser Invulnerability | 1 | 150 |
| total: | 2 | 500g |
| Peasant | 15 | 1125 | / | 0 |
| Rifleman | 9 | 1845 | / | 270 |
| Goblin Zeppelin | 1 | 240 | / | 60 |
| Goblin Shredder | 1 | 375 | / | 100 |
| total: | 26 | 3585g | / | 430w |
| Scout Tower | 2 | 60 | / | 40 |
| Arcane Tower | 2 | 140 | / | 100 |
| Altar of Kings | 1 | 180 | / | 50 |
| Blacksmith | 1 | 140 | / | 60 |
| Barracks | 1 | 160 | / | 60 |
| Farm | 7 | 560 | / | 140 |
| Lumber Mill | 1 | 120 | / | 0 |
| Town Hall | 1 | 385 | / | 205 |
| Arcane Vault | 2 | 260 | / | 60 |
| Gryphon Aviary | 2 | 280 | / | 300 |
| Keep | 1 | 320 | / | 210 |
| Castle | 1 | 360 | / | 210 |
| total: | 18 | 2145g | / | 915w |
| 0:01 | Peasant |
| 0:04 | Peasant |
| 0:17 | Peasant |
| 0:33 | Peasant |
| 0:47 | Altar of Kings |
| 0:51 | Blacksmith |
| 1:01 | Peasant |
| 1:02 | Barracks |
| 1:07 | Farm |
| 1:10 | Peasant |
| 1:18 | Farm |
| 1:22 | Peasant |
| 1:31 | Peasant |
| 1:57 | Farm |
| 2:01 | Peasant |
| 2:04 | Rifleman |
| 2:12 | Peasant |
| 2:15 | Scout Tower |
| 2:28 | Rifleman |
| 2:36 | Farm |
| 2:43 | Arcane Tower |
| 3:01 | Holy Light |
| 3:29 | Peasant |
| 3:29 | Rifleman |
| 3:45 | Rifleman |
| 4:00 | Rifleman |
| 4:09 | Peasant |
| 4:30 | Keep |
| 4:46 | Farm |
| 4:50 | Devotion Aura |
| 5:07 | Lumber Mill |
| 5:31 | Farm |
| 5:41 | Rifleman |
| 5:44 | Farm |
| 6:49 | Rifleman |
| 7:09 | Rifleman |
| 7:30 | Rifleman |
| 8:05 | Holy Light |
| 8:19 | Goblin Zeppelin |
| 8:38 | Siphon Mana |
| 8:44 | Town Hall |
| 8:47 | Scout Tower |
| 9:01 | Long Rifles |
| 9:11 | Black Gunpowder |
| 9:32 | Arcane Tower |
| 9:59 | Castle |
| 10:22 | Peasant |
| 10:22 | Peasant |
| 10:34 | Gryphon Aviary |
| 11:45 | Arcane Vault |
| 11:56 | Arcane Vault |
| 11:57 | Gryphon Aviary |
| 12:03 | Goblin Shredder |
| 12:09 | Scroll of Town Portal |
| 12:12 | Potion of Lesser Invulnerability |
| 12:44 | Improved Masonry |
| 13:41 | Peasant |